 Dungeon Crawl Stone Soup version 0.29-a0-121-g8efb068a30 (webtiles) character file.

Game seed: 8589723086081523921

66 cyrus the Skirmisher (level 3, -2/29 HPs)
             Began as a Demonspawn Abyssal Knight on Feb 21, 2022.
             Was a Follower of Lugonu.
             Killed from afar by Natasha (5 damage)
             ... with a magic dart
             ... on level 3 of the Dungeon.
             The game lasted 00:05:40 (2400 turns).

cyrus the Skirmisher (Demonspawn Abyssal Knight)    Turns: 2400, Time: 00:05:40

Health: -2/29      AC: 17    Str: 13    XL:     3   Next: 96%
Magic:  4/4        EV:  8    Int: 13    God:    Lugonu [*.....]
Gold:   92         SH:  0    Dex: 15    Spells: 2/2 levels left

rFire   . . .      SeeInvis .   a - +1 falchion
rCold   . . .      Faith    .   (no shield)
rNeg    . . .      Spirit   .   l - +6 chain mail of Plasticity {rCorr Dex+2}
rPois   .          Reflect  .   e - +0 helmet
rElec   .          Harm     .   j - +0 cloak
rCorr   +          Rampage  .   (no gloves)
Will    .....                   (no boots)
Stlth   ..........              (no amulet)
HPRegen 0.09/turn               (no ring)
MPRegen 0.09/turn               (no ring)

@: no status effects
A: repulsion field 1, demonic magic 1
a: Renounce Religion, Depart the Abyss


You were on level 3 of the Dungeon.
You worshipped Lugonu.
Lugonu was aware of your devotion.
You visited 1 branch of the dungeon, and saw 3 of its levels.
You visited the Abyss 1 time.

You collected 92 gold pieces.

Inventory:

Hand Weapons
 a - a +1 falchion (weapon)
Armour
 b - a +0 leather armour
 d - a +0 ring mail
 e - a +0 helmet (worn)
 j - a +0 cloak (worn)
 l - the +6 chain mail of Plasticity (worn) {rCorr Dex+2}
   (You found it on level 2 of the Dungeon)

   Dex:       It affects your dexterity (+2).
   rCorr:     It protects you from acid and corrosion.
Jewellery
 m - a ring of willpower
Scrolls
 f - a scroll of fear {unknown}
 g - 2 scrolls of enchant weapon {unknown}
 k - a scroll of teleportation {unknown}
Potions
 c - a potion of curing {unknown}
 h - a potion of ambrosia {unknown}
 i - a potion of magic {unknown}


   Skills:
 + Level 3.3 Fighting
 + Level 2.8 Long Blades
 + Level 2.4 Armour
 + Level 1.5 Dodging
 + Level 2.4 Invocations


You had 2 spell levels left.
You didn't know any spells.
Your spell library was empty.

Dungeon Overview and Level Annotations

Branches:
Dungeon (3/15)

Altars:

Annotations:
D:3 Natasha


Innate Abilities, Weirdness & Mutations

You are surrounded by a mild repulsion field. (EV +2)
Spells you cast may paralyse adjacent enemies.


Message History

The crimson imp blinks!
You hit Natasha.
Natasha is heavily wounded.
The crimson imp shouts, "Out, out, thou errant ill-nurtured beggar!"
Natasha claws you but does no damage.
You closely miss Natasha.
Natasha is heavily wounded.
Natasha stares at you and mumbles some strange words.
You resist with significant effort. The crimson imp hits you.
* * * LOW HITPOINT WARNING * * *
You hit Natasha.
Natasha is severely wounded.
Natasha claws you but does no damage.
The crimson imp shouts, "Decamp, thou odious limp-willed measle!"
The crimson imp barely misses you. Natasha claws you but does no damage.
Unknown command.
You hit Natasha but do no damage.
Natasha is severely wounded.
The crimson imp disappears in a puff of smoke!
Natasha barely misses you.
You barely miss Natasha.
Natasha is severely wounded.
Natasha claws you but does no damage.
You barely miss Natasha.
Natasha is severely wounded.
Natasha completely misses you.
You closely miss Natasha.
Natasha is severely wounded.
Natasha claws you but does no damage.
You hit Natasha.
Natasha is almost dead.
Natasha wildly gestures.
Natasha's front paws start to glow.
Natasha casts a spell.
Unknown command.
You closely miss Natasha.
Natasha is almost dead.
Natasha stares at you and mumbles some strange words.
The magic dart hits you.
You die...

### .. ### ..# ######### #.#
.....§§.# #.# ........# #.#
........#######################.#
........†....55h@5..........)....
..).....#######################.#
##...#### #.# #...# #.. #...# ###
#...# # #...# #. ##### #. #.


You could see Natasha, a white imp (summoned) and 2 shadow imps.

Vanquished Creatures
  3 adders
  A dart slug (D:3)
  A ball python (D:1)
  2 endoplasms
  A giant cockroach (D:3)
  4 goblins (D:1)
  5 hobgoblins
  3 jackals (D:2)
  3 quokkas
  5 bats
  A frilled lizard (D:2)
  2 kobolds
  4 rats
35 creatures vanquished.

Vanquished Creatures (others)
  4 starspawn tentacles (Abyss:1)
4 creatures vanquished.

Grand Total: 39 creatures vanquished

Notes
Turn   | Place    | Note
-------+----------+-------------------------------------------
     0 | Abyss:1  | cyrus the Demonspawn Abyssal Knight began the quest for the
                  | Orb.
     0 | Abyss:1  | Reached XP level 1. HP: 18/18 MP: 2/2
    65 | Abyss:1  | Found a corrupted altar of Lugonu.
   142 | Abyss:1  | Noticed an ancient zyme
   158 | Abyss:1  | Found a corrupted altar of Lugonu.
   192 | Abyss:1  | Noticed a tentacled starspawn
   221 | D:1      | Escaped the Abyss
   360 | D:1      | Reached skill level 1 in Dodging
   505 | D:1      | Gained mutation: Spells you cast may paralyse adjacent
                  | enemies. [demonic ancestry]
   505 | D:1      | Reached XP level 2. HP: 24/24 MP: 3/3
   640 | D:1      | Reached * piety under Lugonu
  1238 | D:2      | Found a faded altar of an unknown god.
  1245 | D:2      | Gained mutation: You are surrounded by a mild repulsion
                  | field. (EV +2) [demonic ancestry]
  1245 | D:2      | Reached XP level 3. HP: 27/29 MP: 4/4
  1899 | D:2      | Identified the +6 chain mail of Plasticity {rCorr Dex+2}
  2348 | D:3      | Noticed Natasha
  2400 | D:3      | Killed from afar by Natasha

Illustrated notes

Levels and vault maps discovered:
D:1:      scummos_arrival_gate, layout_loops_ring, serial_park_tiny_2,
          minmay_tetromino_s2
D:2:      layout_loops_cross, shapermc_ecumenical_altar_starsandcircs,
          minmay_misc_feat_iff
D:3:      layout_basic, uniq_natasha

Skill      XL: |  1  2 |
---------------+-------+-----
Dodging        | 1 |  1.5
Long Blades    | 2 |  2.8
Armour         | 2 |  2.4
Fighting       | |  3.3
Invocations    | |  2.4

Action                   || total
-------------------------++-------
Melee: Falchion          ||   147
       Punch             ||     1
Invok: Depart the Abyss  ||     1
Armor: Ring mail         ||    60
       Leather armour    ||     3
       Chain mail        ||    50
Dodge: Dodged            ||   133

Table legend: (Time is in decaauts)
 A = Elapsed time spent in this place.
 B = Non-inter-level travel time spent in this place.
 C = Inter-level travel time spent in this place.
 D = Time resting spent in this place.
 E = Time spent auto-exploring this place.
 F = Levels seen in this place.
 G = Mean time per level.
                   A        B        C        D        E       F      G
               +--------+--------+--------+--------+--------+-----+--------+
         Total |   2424 |   2268 |    156 |    446 |   1188 |   4 |  606.0 |
       Dungeon |   2203 |   2047 |    156 |    446 |   1114 |   3 |  734.3 |
         Abyss |    221 |    221 |      0 |      0 |     74 |   1 |  221.0 |
               +--------+--------+--------+--------+--------+-----+--------+

Top non-repeatable levels by time:
     D:2: 1007 daAuts
     D:1: 963 daAuts
     D:3: 232 daAuts
 Abyss:1: 221 daAuts
